[ AOE2 MATCH · #506504775 ]
UnrankedJapanese vs Khitans
Player's team · WIN
Rival team · LOSS
[ REPLAY ANALYSIS · EXTRACTED FROM THE RECORDED GAME ]
Feudal
9:15
Castle
26:39
Imperial
47:06
| APM avg | 59.9 |
| APM peak | 96 |
| eAPM avg | 36.2 |
| Villagers / military | 265 / 211 |
Focus
⚔️ 48.3% · 🌾 51.7%
Skirmisher ×137 · Cavalry Archer ×28 · Knight ×19 · Militia ×13 · Trebuchet (Packed) ×7 · Monk ×3
Feudal
9:18
Castle
24:13
Imperial
43:28
| APM avg | 85.6 |
| APM peak | 119 |
| eAPM avg | 46.5 |
| Villagers / military | 277 / 117 |
Focus
⚔️ 68.7% · 🌾 31.3%
Skirmisher ×68 · Cavalry Archer ×27 · Unknown (1920) ×15 · Archer ×13 · Trebuchet (Packed) ×6 · Monk ×3
Match map
Initial resources + every placement click. Lines = walls · curves = elevation contours. ◆ gold · ⬟ stone · ● berries · ✦ relic · ◌ wall gap
Your base· ✓ Closed at 26:39 · 54t walls · 1 gate(s)
DS_VarVa's base· Open — opponent sealed themselves in
Smoothed initial terrain · ◌ = detected wall gap · hover for details
Inputs per minute
— wR.Monoz - - DS_VarVa
Build order — wR.Monoz
First 150 of 715 actions detected
| 0:00 | Create | Villager (Male) |
| 0:00 | Create | Villager (Male) |
| 0:00 | Create | Villager (Male) |
| 0:01 | Create | Villager (Male) |
| 0:01 | Create | Villager (Male) |
| 0:02 | Build | House |
| 0:02 | Build | House |
| 1:35 | Create | Villager (Male) |
| 1:51 | Build | Mill |
| 2:00 | Create | Villager (Male) |
| 2:00 | Create | Villager (Male) |
| 2:08 | Create | Villager (Male) |
| 2:08 | Create | Villager (Male) |
| 2:26 | Create | Villager (Male) |
| 3:01 | Create | Villager (Male) |
| 3:12 | Build | Lumber Camp |
| 3:21 | Create | Villager (Male) |
| 3:54 | Build | House |
| 3:56 | Create | Villager (Male) |
| 3:57 | Create | Villager (Male) |
| 4:05 | Create | Villager (Male) |
| 4:05 | Create | Villager (Male) |
| 4:14 | Create | Villager (Male) |
| 4:14 | Create | Villager (Male) |
| 4:42 | Create | Villager (Male) |
| 5:15 | Create | Villager (Male) |
| 5:53 | Build | Palisade Gate |
| 6:06 | Research | Loom |
| 6:10 | Build | Barracks |
| 6:35 | Build | Mining Camp |
| 6:50 | Build | House |
| 6:59 | Research | Feudal Age |
| 7:03 | Create | Militia |
| 7:03 | Create | Militia |
| 7:21 | Create | Militia |
| 7:30 | Build | Lumber Camp |
| 7:32 | Build | Lumber Camp |
| 7:41 | Create | Militia |
| 7:41 | Create | Militia |
| 8:02 | Build | Mill |
| 8:09 | Build | House |
| 8:11 | Create | Militia |
| 8:11 | Create | Militia |
| 8:40 | Create | Villager (Male) |
| 9:10 | Create | Villager (Male) |
| 9:15 | Age | Feudal Age |
| 9:16 | Research | Man-at-Arms (upgrade) |
| 9:18 | Research | Double-Bit Axe |
| 9:25 | Create | Villager (Male) |
| 9:49 | Research | Horse Collar |
| 9:55 | Create | Villager (Male) |
| 10:01 | Build | Farm |
| 10:02 | Build | Farm |
| 10:17 | Build | Farm |
| 10:25 | Create | Villager (Male) |
| 10:27 | Build | Farm |
| 10:37 | Build | Farm |
| 10:41 | Build | House |
| 10:57 | Build | Farm |
| 10:58 | Create | Villager (Male) |
| 11:06 | Build | Farm |
| 11:17 | Build | House |
| 11:23 | Create | Villager (Male) |
| 11:23 | Create | Villager (Male) |
| 11:29 | Create | Villager (Male) |
| 11:34 | Build | Farm |
| 11:44 | Build | Mining Camp |
| 11:57 | Research | Arson |
| 11:57 | Research | Arson |
| 12:09 | Create | Villager (Male) |
| 12:17 | Create | Villager (Male) |
| 12:19 | Build | Farm |
| 12:27 | Build | Watch Tower |
| 12:33 | Create | Militia |
| 12:48 | Create | Villager (Male) |
| 12:48 | Create | Villager (Male) |
| 12:53 | Create | Villager (Male) |
| 13:04 | Build | Watch Tower |
| 13:06 | Build | Watch Tower |
| 13:08 | Create | Militia |
| 13:24 | Build | Blacksmith |
| 13:32 | Create | Villager (Male) |
| 13:35 | Create | Militia |
| 13:56 | Create | Militia |
| 14:11 | Create | Villager (Male) |
| 14:16 | Build | Watch Tower |
| 14:18 | Research | Scale Mail Armor |
| 14:27 | Create | Villager (Male) |
| 14:29 | Build | Farm |
| 14:45 | Build | House |
| 14:47 | Research | Town Watch |
| 14:49 | Build | House |
| 14:50 | Build | House |
| 15:04 | Create | Villager (Male) |
| 15:16 | Build | House |
| 15:19 | Research | Forging |
| 15:36 | Create | Militia ×2 |
| 15:44 | Build | Palisade Wall |
| 15:45 | Build | Palisade Wall |
| 15:45 | Build | Palisade Wall |
| 15:46 | Build | Palisade Wall |
| 15:47 | Build | Palisade Wall |
| 15:47 | Build | Palisade Wall |
| 15:54 | Create | Villager (Male) |
| 15:57 | Create | Villager (Male) |
| 15:59 | Build | House |
| 16:01 | Build | House |
| 16:47 | Create | Villager (Male) |
| 16:56 | Build | Watch Tower |
| 17:04 | Build | Archery Range |
| 17:07 | Create | Villager (Male) |
| 17:27 | Create | Villager (Male) |
| 17:27 | Research | Fletching |
| 17:28 | Create | Villager (Male) |
| 17:30 | Build | House |
| 17:31 | Build | House |
| 17:37 | Build | Watch Tower |
| 17:48 | Build | Farm |
| 18:00 | Build | Lumber Camp |
| 18:13 | Create | Skirmisher |
| 18:13 | Create | Skirmisher |
| 18:22 | Create | Villager (Male) |
| 18:22 | Create | Villager (Male) |
| 18:25 | Build | Palisade Wall |
| 18:38 | Build | Watch Tower |
| 18:40 | Create | Skirmisher |
| 18:42 | Research | Padded Archer Armor |
| 18:46 | Create | Skirmisher |
| 19:04 | Create | Villager (Male) |
| 19:07 | Create | Skirmisher |
| 19:09 | Create | Villager (Male) |
| 19:09 | Create | Villager (Male) |
| 19:21 | Create | Villager (Male) |
| 19:29 | Create | Skirmisher |
| 19:30 | Create | Villager (Male) |
| 19:31 | Build | Farm |
| 19:34 | Build | Farm |
| 19:34 | Build | Farm |
| 19:43 | Create | Skirmisher |
| 20:14 | Create | Villager (Male) |
| 20:14 | Create | Villager (Male) |
| 20:17 | Create | Villager (Male) |
| 20:25 | Create | Skirmisher |
| 20:25 | Create | Skirmisher |
| 20:38 | Create | Villager (Male) |
| 20:44 | Build | Palisade Wall |
| 20:49 | Create | Skirmisher |
| 21:18 | Build | Watch Tower |
| 21:24 | Build | Farm |
| 21:24 | Build | Farm |
Build order — DS_VarVa
First 150 of 574 actions detected
| 0:00 | Create | Villager (Male) |
| 0:00 | Create | Villager (Male) |
| 0:01 | Create | Villager (Male) |
| 0:01 | Create | Villager (Male) |
| 0:02 | Build | House |
| 0:03 | Build | House |
| 1:21 | Create | Villager (Male) |
| 1:58 | Create | Villager (Male) |
| 1:58 | Create | Villager (Male) |
| 2:14 | Create | Villager (Male) |
| 2:27 | Create | Villager (Male) |
| 2:35 | Build | Lumber Camp |
| 2:47 | Create | Villager (Male) |
| 3:00 | Build | House |
| 3:09 | Create | Villager (Male) |
| 3:24 | Create | Villager (Male) |
| 3:50 | Create | Villager (Male) |
| 4:03 | Create | Villager (Male) |
| 4:25 | Build | Mill |
| 4:50 | Create | Villager (Male) |
| 5:11 | Create | Villager (Male) |
| 5:11 | Research | Loom |
| 5:17 | Build | House |
| 5:19 | Build | Palisade Wall |
| 5:19 | Build | Palisade Wall |
| 5:32 | Build | Palisade Wall |
| 6:03 | Build | Palisade Wall |
| 6:14 | Create | Villager (Male) |
| 6:14 | Research | Loom |
| 7:08 | Research | Feudal Age |
| 7:30 | Build | Barracks |
| 7:33 | Build | Palisade Wall |
| 7:50 | Build | Palisade Wall |
| 7:51 | Build | Palisade Wall |
| 7:52 | Build | Palisade Wall |
| 9:04 | Create | Villager (Male) |
| 9:08 | Build | House |
| 9:10 | Create | Villager (Male) |
| 9:18 | Age | Feudal Age |
| 9:21 | Build | Archery Range |
| 9:21 | Research | Double-Bit Axe |
| 9:23 | Create | Villager (Male) |
| 9:40 | Create | Villager (Male) |
| 9:48 | Build | House |
| 9:57 | Research | Tech 1014 |
| 10:00 | Create | Villager (Male) |
| 10:02 | Create | Skirmisher |
| 10:15 | Build | House |
| 10:17 | Create | Skirmisher |
| 10:23 | Create | Villager (Male) |
| 10:23 | Create | Villager (Male) |
| 10:29 | Build | House |
| 10:44 | Create | Skirmisher |
| 10:52 | Create | Villager (Male) |
| 10:59 | Build | Pasture |
| 11:08 | Create | Skirmisher |
| 11:16 | Create | Villager (Male) |
| 11:20 | Create | Villager (Male) |
| 11:31 | Build | Pasture |
| 11:47 | Create | Skirmisher |
| 11:54 | Create | Villager (Male) |
| 12:06 | Build | Pasture |
| 12:13 | Create | Villager (Male) |
| 12:13 | Create | Villager (Male) |
| 12:24 | Create | Skirmisher |
| 12:25 | Create | Villager (Male) |
| 12:27 | Build | House |
| 12:49 | Create | Villager (Male) |
| 12:50 | Create | Villager (Male) |
| 12:59 | Create | Villager (Male) |
| 13:00 | Build | Blacksmith |
| 13:14 | Create | Skirmisher |
| 13:20 | Build | Pasture |
| 13:32 | Create | Villager (Male) |
| 13:37 | Research | Fletching |
| 13:37 | Research | Fletching |
| 13:40 | Create | Villager (Male) |
| 13:50 | Create | Villager (Male) |
| 13:54 | Build | Lumber Camp |
| 14:08 | Create | Villager (Male) |
| 14:11 | Create | Villager (Male) |
| 14:14 | Create | Skirmisher |
| 14:15 | Create | Villager (Male) |
| 14:23 | Build | Pasture |
| 14:24 | Create | Villager (Male) |
| 14:42 | Create | Villager (Male) |
| 14:49 | Create | Villager (Male) |
| 15:04 | Create | Villager (Male) |
| 15:08 | Build | Mining Camp |
| 15:12 | Create | Villager (Male) |
| 15:14 | Build | House |
| 15:17 | Build | House |
| 15:26 | Create | Villager (Male) |
| 15:31 | Build | Palisade Wall |
| 15:33 | Build | Palisade Wall |
| 15:41 | Create | Villager (Male) |
| 15:53 | Research | Town Watch |
| 16:10 | Build | Archery Range |
| 16:12 | Create | Villager (Male) |
| 16:18 | Build | Watch Tower |
| 16:23 | Build | House |
| 16:26 | Build | Stone Wall |
| 16:29 | Build | Stone Wall |
| 16:30 | Build | Stone Wall |
| 16:31 | Build | Stone Wall |
| 16:32 | Build | Stone Wall |
| 16:38 | Build | Stone Wall |
| 16:42 | Create | Villager (Male) |
| 16:44 | Create | Villager (Male) |
| 16:51 | Create | Archer |
| 16:52 | Create | Archer |
| 16:54 | Create | Villager (Male) |
| 16:59 | Create | Archer |
| 17:01 | Create | Villager (Male) |
| 17:07 | Create | Villager (Male) |
| 17:07 | Create | Villager (Male) |
| 17:08 | Create | Villager (Male) |
| 17:08 | Create | Villager (Male) |
| 17:12 | Create | Villager (Male) |
| 17:18 | Build | Palisade Wall |
| 17:20 | Build | Palisade Wall |
| 17:22 | Create | Archer |
| 17:27 | Create | Villager (Male) |
| 17:30 | Create | Villager (Male) |
| 17:38 | Create | Villager (Male) |
| 17:38 | Create | Villager (Male) |
| 17:43 | Build | House |
| 17:44 | Build | House |
| 17:52 | Create | Archer |
| 17:59 | Create | Villager (Male) |
| 17:59 | Create | Villager (Male) |
| 18:05 | Create | Villager (Male) |
| 18:10 | Create | Archer |
| 18:15 | Build | House |
| 18:21 | Create | Archer |
| 18:21 | Create | Archer |
| 18:22 | Create | Villager (Male) |
| 18:35 | Create | Archer |
| 18:37 | Create | Villager (Male) |
| 18:42 | Build | Lumber Camp |
| 18:53 | Build | Gate |
| 18:55 | Build | House |
| 19:00 | Build | Gate |
| 19:27 | Create | Villager (Male) |
| 19:48 | Create | Archer |
| 19:49 | Create | Archer |
| 19:49 | Create | Skirmisher |
| 19:51 | Create | Villager (Male) |
| 20:01 | Create | Villager (Male) |
| 20:11 | Create | Villager (Male) |
Match timeline
| 5:19 | DS_VarVa · wall_segment Palisade Wall x5 |
| 5:19 | DS_VarVa · wall_segment Palisade Wall x1 |
| 5:32 | DS_VarVa · wall_segment Palisade Wall x4 |
| 6:03 | DS_VarVa · wall_segment Palisade Wall x9 |
| 6:10 | wR.Monoz · first_building Barracks |
| 7:30 | DS_VarVa · first_building Barracks |
| 7:33 | DS_VarVa · wall_segment Palisade Wall x1 |
| 7:50 | DS_VarVa · wall_segment Palisade Wall x1 |
| 7:51 | DS_VarVa · wall_segment Palisade Wall x1 |
| 7:52 | DS_VarVa · wall_segment Palisade Wall x5 |
| 9:15 | wR.Monoz · age_up feudal |
| 9:18 | DS_VarVa · age_up feudal |
| 9:21 | DS_VarVa · first_building Archery Range |
| 15:31 | DS_VarVa · wall_segment Palisade Wall x1 |
| 15:33 | DS_VarVa · wall_segment Palisade Wall x1 |
| 15:44 | wR.Monoz · wall_segment Palisade Wall x1 |
| 15:45 | wR.Monoz · wall_segment Palisade Wall x1 |
| 15:45 | wR.Monoz · wall_segment Palisade Wall x1 |
| 15:46 | wR.Monoz · wall_segment Palisade Wall x1 |
| 15:47 | wR.Monoz · wall_segment Palisade Wall x1 |
| 15:47 | wR.Monoz · wall_segment Palisade Wall x1 |
| 16:26 | DS_VarVa · wall_segment Stone Wall x1 |
| 16:29 | DS_VarVa · wall_segment Stone Wall x1 |
| 16:30 | DS_VarVa · wall_segment Stone Wall x1 |
| 16:31 | DS_VarVa · wall_segment Stone Wall x1 |
| 16:32 | DS_VarVa · wall_segment Stone Wall x1 |
| 16:38 | DS_VarVa · wall_segment Stone Wall x1 |
| 17:04 | wR.Monoz · first_building Archery Range |
| 17:18 | DS_VarVa · wall_segment Palisade Wall x1 |
| 17:20 | DS_VarVa · wall_segment Palisade Wall x1 |
| 18:25 | wR.Monoz · wall_segment Palisade Wall x10 |
| 20:44 | wR.Monoz · wall_segment Palisade Wall x27 |
| 20:53 | DS_VarVa · wall_segment Stone Wall x7 |
| 21:12 | DS_VarVa · wall_segment Stone Wall x1 |
| 21:26 | DS_VarVa · wall_segment Stone Wall x1 |
| 23:52 | DS_VarVa · wall_segment Stone Wall x1 |
| 24:13 | DS_VarVa · age_up castle |
| 24:34 | wR.Monoz · first_building Stable |
| 25:13 | wR.Monoz · wall_segment Palisade Wall x1 |
| 25:15 | wR.Monoz · wall_segment Palisade Wall x5 |
| 25:15 | wR.Monoz · wall_segment Palisade Wall x1 |
| 25:16 | wR.Monoz · wall_segment Palisade Wall x1 |
| 25:17 | wR.Monoz · wall_segment Palisade Wall x4 |
| 25:29 | wR.Monoz · first_market_buy 100 food |
| 26:04 | DS_VarVa · first_building Castle |
| 26:28 | DS_VarVa · first_market_sell 100 food |
| 26:36 | wR.Monoz · first_market_sell 100 wood |
| 26:39 | wR.Monoz · age_up castle |
| 28:38 | DS_VarVa · wall_segment Stone Wall x8 |
| 28:46 | DS_VarVa · first_building Monastery |
| 29:09 | DS_VarVa · wall_segment Stone Wall x1 |
| 30:08 | DS_VarVa · wall_segment Palisade Wall x1 |
| 30:39 | wR.Monoz · first_building Siege Workshop |
| 34:10 | DS_VarVa · wall_segment Stone Wall x1 |
| 34:16 | DS_VarVa · wall_segment Stone Wall x1 |
| 37:59 | wR.Monoz · wall_segment Stone Wall x1 |
| 38:00 | wR.Monoz · wall_segment Stone Wall x1 |
| 38:00 | wR.Monoz · wall_segment Stone Wall x1 |
| 38:00 | wR.Monoz · wall_segment Stone Wall x1 |
| 38:01 | wR.Monoz · wall_segment Stone Wall x2 |
| 38:01 | wR.Monoz · wall_segment Stone Wall x1 |
| 39:42 | DS_VarVa · first_market_buy 100 food |
| 43:28 | DS_VarVa · age_up imperial |
| 46:33 | wR.Monoz · first_building Monastery |
| 47:06 | wR.Monoz · age_up imperial |
| 47:08 | wR.Monoz · first_building Castle |
| 49:20 | DS_VarVa · first_building Siege Workshop |
| 54:52 | DS_VarVa · wall_segment Stone Wall x1 |
| 57:21 | DS_VarVa · resign |
[ AI ANALYSIS · 1 CREDIT ]
What really happened in this match?
Wolo.gg analyzes every decision: build order, eco, micro, common mistakes by bracket. Personalized analysis on WhatsApp or Discord in 30 seconds.
Civ guide
Japanese
Perfil
Jugador #6779041